 Dungeon Crawl Stone Soup version 0.31.0-12-g77e489cdc1 (webtiles) character file.

Game seed: 9884864487993444931

114 spaghetti the Grave Robber (level 4, 24/33 HPs)
             Began as a Demonspawn Necromancer on Feb 17, 2024.
             Quit the game on level 3 of the Dungeon.
             The game lasted 00:03:20 (2748 turns).

spaghetti the Grave Robber (Demonspawn Necromancer) Turns: 2748, Time: 00:03:21

Health: 24/33      AC:  2    Str:  8    XL:     4   Next: 67%
Magic:  7/8        EV: 19    Int: 18    God:
Gold:   94         SH:  5    Dex: 13    Spells: 3/8 levels left

rFire   . . .        (no weapon)
rCold   . . .        (no shield)
rNeg    . . .        a - +0 robe
rPois   .            (no helmet)
rElec   .            (no cloak)
rCorr   .            (no gloves)
SInv    .            (no boots)
Will    .....        m - amulet of reflection
Stlth   ++           q - +5 ring of evasion
HPRegen 0.25/turn    (no ring)
MPRegen 0.11/turn

%: reflection
@: no status effects
A: claws 1, repulsion field 1
a: no special abilities


You were on level 3 of the Dungeon.
You visited 1 branch of the dungeon, and saw 3 of its levels.

You collected 94 gold pieces.

Inventory:

Armour
 a - a +0 robe (worn)
 d - a +0 pair of boots
Jewellery
 m - an amulet of reflection (around neck)
 q - a +5 ring of evasion (left claw)
Scrolls
 c - a scroll of teleportation {unknown}
 e - 2 scrolls of identify {unknown}
 f - a scroll of enchant armour {unknown}
 g - a scroll of torment {unknown}
 h - a scroll of fear {unknown}
 i - a scroll of noise {unknown}
 k - 2 scrolls of fog {unknown}
 l - 2 scrolls of immolation {unknown}
 n - a scroll of enchant weapon {unknown}
 o - 2 scrolls of butterflies {unknown}
Potions
 j - a potion of lignification {unknown}
 p - a potion of cancellation {unknown}


   Skills:
 + Level 2.1 Fighting
 + Level 2.5 Dodging
 - Level 1.7 Stealth
 + Level 0.3 Unarmed Combat
 + Level 2.9 Spellcasting
 - Level 5.0 Necromancy


You had 3 spell levels left.
You knew the following spells:

 Your Spells              Type           Power      Damage    Failure   Level
a - Necrotise             Necr           80%        1d8       1%          1
b - Animate Dead          Necr           20%        N/A       21%         4

Your spell library contained the following spells:

 Spells                   Type           Power      Damage    Failure   Level
 Vampiric Draining        Necr           20%        2d7       6%          3
 Tukima's Dance           Hex            2%         N/A       45%         3
 Curse of Agony           Necr           20%        N/A       50%         5
 Passage of Golubria      Tloc           2%         N/A       86%         4
 Yara's Violent Unravell  Hex/Alch       1%         3d3       99%         5
 Malign Gateway           Summ/Tloc      1%         N/A       100%        7
 Summon Horrible Things   Summ           1%         N/A       100%        8


Dungeon Overview and Level Annotations

Branches:
Dungeon (3/15)

Altars:
Hepliaklqana
Xom


Innate Abilities, Weirdness & Mutations

You have sharp fingernails.
You are surrounded by a mild repulsion field. (EV +2)


Message History

The orc shouts!
The orc wizard shouts!
You hear a shout!
There are monsters nearby!
There are monsters nearby!
There are monsters nearby!
There are monsters nearby!
The orc wizard writhes in agony.
The orc shouts!
An orc comes into view. It is wielding a +0 club.
An orc comes into view. It is wielding a +0 hand axe.
You swap places.
The orc wizard completely misses you.
There is an open door here.
You completely miss the orc wizard. The orc misses you.
You scratch the orc but do no damage. The orc hits you with a +0 hand axe.
You scratch the orc but do no damage. The orc misses you.
You block the orc's attack.
You scratch the orc wizard.
The orc wizard is moderately wounded.
The orc hits you with a +0 hand axe. The orc closely misses you.
The orc wizard hits you with a +0 dagger.
You are too injured to fight recklessly!
You are too injured to fight recklessly!
You are too injured to fight recklessly!
You are too injured to fight recklessly!
You are too injured to fight recklessly!
You are too injured to fight recklessly!
You are too injured to fight recklessly!
You are too injured to fight recklessly!
You are too injured to fight recklessly!
You are too injured to fight recklessly!
You are too injured to fight recklessly!
You are too injured to fight recklessly!
You are too injured to fight recklessly!
You are too injured to fight recklessly!
You are too injured to fight recklessly!
You are too injured to fight recklessly!
You are too injured to fight recklessly!
You are too injured to fight recklessly!
You are too injured to fight recklessly!
Unknown command.
Are you sure you want to abandon this character and quit the game? (Confirm with "yes".)

#.#.#.#.#.##
.#.#.#.#.#.#...........#
#.#.#.#.#.##...........#
.#.#.#.#.#.#...........#
#.#.#.#.#.##...........#
.#.#.#.#.#.#...........#
#.#.#.#.#.##....o.......
.#.#.#.#.#.#..oooo....#
#####.....†#####@#####
###...........ZZZZ.?.#
'...#.##.......Z.Z...#
###.#.##.............# #
#.#.###.)..........# #
#...# #............# #
#.### ##...........# #
#.# #...........# #.#
#...........#


You could see an orc wizard (ally target), 4 orcs, a friendly ball python
zombie, 4 friendly jackal zombies and a friendly rat skeleton.

Vanquished Creatures
  Terence (D:2)
  A gnoll (D:1)
  2 adders (D:2)
  2 dart slugs (D:2)
  3 bats (D:3)
  3 endoplasms
  2 giant cockroaches
  8 goblins
  7 hobgoblins
  8 jackals
  4 ball pythons
  2 frilled lizards
  4 kobolds
  A rat (D:3)
48 creatures vanquished.

Vanquished Creatures (collateral kills)
  A dart slug (D:1)
  A jackal (D:3)
2 creatures vanquished.

Grand Total: 50 creatures vanquished

Notes
Turn   | Place    | Note
-------+----------+-------------------------------------------
     0 | D:1      | spaghetti the Demonspawn Necromancer began the quest for
                  | the Orb.
     0 | D:1      | Reached XP level 1. HP: 13/13 MP: 3/3
   225 | D:1      | Found a faded altar of an unknown god.
   442 | D:1      | Gained mutation: You are surrounded by a mild repulsion
                  | field. (EV +2) [demonic ancestry]
   442 | D:1      | Reached XP level 2. HP: 20/20 MP: 0/5
   576 | D:1      | Reached skill level 1 in Fighting
  1085 | D:2      | Reached XP level 3. HP: 26/26 MP: 0/6
  1975 | D:2      | Noticed Terence
  1992 | D:2      | Killed Terence
  1993 | D:2      | Reached skill level 5 in Necromancy
  1993 | D:2      | Gained mutation: You have sharp fingernails. [demonic
                  | ancestry]
  1993 | D:2      | Reached XP level 4. HP: 22/33 MP: 3/8
  2129 | D:2      | Learned a level 4 spell: Animate Dead
  2415 | D:3      | Found a hazy altar of Hepliaklqana.
  2416 | D:3      | Found a shimmering altar of Xom.
  2416 | D:3      | Noticed a hell beast
  2417 | D:3      | Noticed a spectral ugly thing
  2417 | D:3      | Noticed a hell beast
  2748 | D:3      | Quit the game

Illustrated notes

Levels and vault maps discovered:
D:1:      dpeg_arrival_water_temple_mockup, layout_loops_ring,
          dreamdust_ecumenical_altar_statues, grunt_decor_junction
D:2:      layout_loops_corners, uniq_terence
D:3:      layout_basic, regret_index_temple_of_mockery, serial_shops, shop,
          biasface_ghost_orc_armoury

Skill      XL: |  1  2  3  4 |
---------------+-------------+-----
Fighting       | 1 2 |  2.1
Dodging        | 2 |  2.5
Necromancy     | 5 |  5.0
Stealth        | |  1.7
Unarmed Combat | |  0.3
Spellcasting   | |  2.9

Action                     |  1- 3 |  4- 6 || total
---------------------------+-------+-------++-------
  Melee: Unarmed           |    13 |    18 ||    31
   Cast: Necrotise         |    75 |    24 ||    99
         Animate Dead      |       |     1 ||     1
    Use: Potion            |     1 |       ||     1
 Armour: Robe              |    12 |     9 ||    21
  Dodge: Dodged            |    24 |    20 ||    44
  Block: Other             |     6 |     7 ||    13
         Reflection        |       |     1 ||     1
